 Dungeon Crawl Stone Soup version 0.25.1-2-g60ff931df9 (webtiles) character file.

Game seed: 17940087405323550037

198 DerDa the Magician (level 5, -2/37 HPs)
             Began as a Mummy Ice Elementalist on Oct 9, 2020.
             Was a Follower of Sif Muna.
             Slain by a big kobold
             ... wielding a +0 club
              (4 damage)
             ... on level 3 of the Dungeon.
             The game lasted 00:07:00 (3752 turns).

DerDa the Magician (Mummy Ice Elementalist)         Turns: 3752, Time: 00:07:00

Health: -2/37      AC:  2    Str: 12    XL:     5   Next: 47%
Magic:  7/12       EV: 12    Int: 15    God:    Sif Muna [*.....]
Gold:   155        SH:  0    Dex: 12    Spells: 2/13 levels left

rFire    x . .     SeeInvis .   f - +1 spear (venom)
rCold    + . .     Gourm    .   (no shield)
rNeg     + + +     Faith    .   a - +0 robe
rPois    ∞         Spirit   .   (no helmet)
rElec    .         Reflect  .   (no cloak)
rCorr    .         Harm     .   (no gloves)
MR       .....                  (no boots)
Stlth    ++........             (no amulet)
HPRegen  0.12/turn              (no ring)
MPRegen  0.13/turn              (no ring)

@: no status effects
A: no food or potions, fire vulnerability, cold resistance 1, negative energy
resistance 3, torment resistance, unbreathing
a: Channel Magic, Renounce Religion


You were on level 3 of the Dungeon.
You worshipped Sif Muna.
Sif Muna was aware of your devotion.
You were not hungry.

You visited 1 branch of the dungeon, and saw 3 of its levels.

You collected 155 gold pieces.

Inventory:

Hand Weapons
 b - a +0 club
 f - a +1 spear of venom (weapon)
 n - a +0 hunting sling
Missiles
 c - 160 stones (quivered)
 i - 67 sling bullets
 j - 27 arrows
Armour
 a - a +0 robe (worn)
Jewellery
 k - an uncursed amulet of faith {unknown}
Scrolls
 d - 2 scrolls of fog {unknown}
 e - 4 scrolls of teleportation {unknown}
 g - 5 scrolls of enchant weapon {unknown}
 h - 3 scrolls of remove curse {unknown}
 l - a scroll of immolation {unknown}
 m - a scroll of amnesia {unknown}


   Skills:
 + Level 1.3 Fighting
 + Level 2.0 Dodging
 - Level 1.5 Stealth
 * Level 4.8 Spellcasting
 + Level 0.4 Conjurations
 * Level 4.3 Ice Magic
 + Level 0.4 Invocations


You had 2 spell levels left.
You knew the following spells:

 Your Spells              Type           Power        Failure   Level  Hunger
a - Freeze                Ice            ###.         2%          1    N/A
b - Ozocubu's Armour      Chrm/Ice       ##......     21%         3    N/A
c - Hailstorm             Conj/Ice       ##......     52%         4    N/A
u - Frozen Ramparts       Ice            ###...       9%          3    N/A

Your spell library contained the following spells:

 Spells                   Type           Power        Failure   Level  Hunger
 Summon Ice Beast         Ice/Summ       ##......     56%         4    N/A

Dungeon Overview and Level Annotations

Branches:
Dungeon (3/15)

Altars:
Ashenzari
Fedhas
Sif Muna
Zin


Innate Abilities, Weirdness & Mutations

You do not eat or drink.
Your flesh is vulnerable to fire.
You are immune to poison.
Your flesh is cold resistant. (rC+)
You are immune to negative energy. (rN+++)
You are immune to unholy pain and torment.
You can survive without breathing.


Message History

Aim: a big kobold (moderately wounded)
You freeze the big kobold.
The big kobold is heavily wounded.
The wall freezes the gnoll.
The wall freezes the big kobold.
The big kobold barely misses you.
The wall freezes the big kobold. x2
The big kobold hits you.
The wall freezes the gnoll.
Casting: Freeze (safe; 2% risk of failure)
Confirm with . or Enter, or press ? or * to list all spells.
Aiming: Freeze (safe; 2% risk of failure)
Press: ? - help, Shift-Dir - straight line, f/p - big kobold
Aim: a big kobold (heavily wounded)
You freeze the big kobold.
The big kobold is heavily wounded.
The frozen ramparts melt away.
The gnoll hits you from afar with a +0 halberd!
* * * LOW HITPOINT WARNING * * *
The big kobold closely misses you. The big kobold hits you.
* * * LOW HITPOINT WARNING * * *
The big kobold hits you with a +0 club.
You die...

............................#
≈≈≈≈≈≈≈≈≈≈≈≈≈≈≈≈≈≈≈≈≈≈≈≈≈≈≈≈#
≈≈≈≈≈≈≈≈≈≈≈≈≈≈≈≈≈≈≈≈≈≈≈≈≈≈≈≈#
≈≈≈≈≈≈≈≈≈≈≈≈≈≈≈≈#####≈≈≈≈≈≈≈#
################# #≈≈≈≈≈≈≈#
.....## ##......# #≈≈≈≈≈≈≈#
......###.......# ≈≈≈≈
.......#........##+#
......)#).......@..#
.......'.........KK#
......)#....[....g.#
.......#........##'#
......###.......#gKg# .....##
##......#.$$# ######
########.$$# #####


You could see 3 big kobolds, a gnoll and a hobgoblin.

Vanquished Creatures
  2 gnolls (D:3)
  8 adders
  A worm (D:3)
  A dart slug (D:2)
  A leopard gecko (D:1)
  An orc (D:3)
  8 bats
  5 giant cockroaches
  24 goblins
  12 hobgoblins
  6 jackals
  A quokka (D:2)
  4 frilled lizards
  9 kobolds
  8 rats
91 creatures vanquished.

Notes
Turn   | Place    | Note
-------+----------+-------------------------------------------
     0 | D:1      | DerDa the Mummy Ice Elementalist began the quest for the
                  | Orb.
     0 | D:1      | Reached XP level 1. HP: 13/13 MP: 4/4
   105 | D:1      | Reached XP level 2. HP: 16/19 MP: 0/6
  1134 | D:1      | Reached XP level 3. HP: 21/24 MP: 8/8
  1352 | D:2      | Learned a level 3 spell: Frozen Ramparts
  1356 | D:2      | Learned a level 3 spell: Ozocubu's Armour
  1590 | D:2      | Found a blossoming altar of Fedhas.
  1634 | D:2      | Reached XP level 4. HP: 22/31 MP: 7/10
  1977 | D:2      | Found a glowing silver altar of Zin.
  2086 | D:2      | Found a shattered altar of Ashenzari.
  2391 | D:2      | Learned a level 4 spell: Hailstorm
  2432 | D:3      | Found a shimmering blue altar of Sif Muna.
  2438 | D:3      | Became a worshipper of Sif Muna the Loreminder
  2552 | D:3      | Reached skill level 1 in Fighting
  2954 | D:3      | Reached XP level 5. HP: 36/37 MP: 9/11
  3379 | D:3      | Reached * piety under Sif Muna
  3752 | D:3      | Slain by a big kobold

Illustrated notes

Levels and vault maps discovered:
D:1:      enne_arrival_octagon_isle, layout_basic
D:2:      layout_basic, old_standard_altar, ashenzari_conservatory_becter,
          fedhas_altar_4
D:3:      minmay_goblin_kobold_castle, layout_loops_cross, old_standard_altar

Skill      XL: |  1  2  3  4  5 |
---------------+----------------+-----
Spellcasting   | 3 4 |  4.8
Ice Magic      | 4 |  4.3
Fighting       | 1 |  1.3
Dodging        | 2 |  2.0
Stealth        | |  1.5
Conjurations   | |  0.4
Invocations    | |  0.4

Action                   |  1- 3 |  4- 6 || total
-------------------------+-------+-------++-------
Melee: Club              |    10 |       ||    10
       Spear             |    28 |    63 ||    91
 Cast: Freeze            |    45 |    44 ||    89
       Frozen Ramparts   |       |     3 ||     3
 Stab: Sleeping          |     1 |     8 ||     9
Armor: Robe              |     6 |     9 ||    15
Dodge: Dodged            |    44 |    54 ||    98
